 Dungeon Crawl Stone Soup version 0.31.0-9-g3a7656b989 (webtiles) character file.

Game seed: 12346674314065315110

12819 James the Grappler (level 11, -6/77 HPs)
             Began as an Octopode Shapeshifter on Jan 24, 2024.
             Was a Follower of Uskayaw.
             Mangled by a two-headed ogre
             ... wielding a +0 giant club
              (20 damage)
             ... on level 11 of the Dungeon.
             The game lasted 00:42:25 (13643 turns).

James the Grappler (Octopode Shapeshifter)         Turns: 13643, Time: 00:42:26

Health: -6/77      AC:  1    Str: 30    XL:     11   Next: 99%
Magic:  26/26      EV: 18    Int: 16    God:    Uskayaw [*.....]
Gold:   918        SH:  0    Dex: 11    Spells: 10/10 levels left

rFire   . .          .
                       - Unarmed
rCold   . . .        (shield currently unavailable)
rNeg    . . .        u - +0 hat of Sif Muna's Displeasure {rPois Int+3}
rPois   +            e - amulet of regeneration
rElec   .            d - +6 ring of strength
rCorr   .            f - +6 ring of strength
SInv    .            P - ring of magical power
Will    .....        (no ring)
Stlth   ++           (no ring)
HPRegen 1.12/turn    (no ring)
MPRegen 0.20/turn    (no ring)
                     (no ring)

%: no passive effects
@: flux-form, glowing, studying Air Magic
A: glow, contaminating, almost no armour, amphibious, 8 rings, camouflage 1,
gelatinous body 1, (nimble swimmer 1), tentacles
a: Begin Untransformation, Renounce Religion, Stomp


You were on level 11 of the Dungeon.
You worshipped Uskayaw.
Uskayaw was aware of your devotion.
You were something dangerously unstable.
You visited 2 branches of the dungeon, and saw 12 of its levels.
You also visited: Sewer and Bailey.

You collected 1008 gold pieces.
You spent 90 gold pieces at shops.

Inventory:

Hand Weapons
 l - a +0 sling
   (You found it on level 7 of the Dungeon)
 E - the +16 obsidian axe {drain, demonic, Mesm ^Drain Fly SInv}
   (You found it on level 8 of the Dungeon)

   Mesm:      Its wielder is mesmerised by any visible foes, and it cannot be
   unequipped while any foes are visible.
   SInv:      It lets you see invisible.
   Fly:       It grants you flight.
   ^Drain:    It drains your maximum health when unequipped.
 F - the +10 hand axe "Naifaur" {pain, Str+3}
   (You found it on level 8 of the Dungeon)

   Str+3:     It affects your strength (+3).
 J - a +1 demon whip of venom
   (You took it off Amaemon on level 8 of the Dungeon)
Missiles
 h - 2 curare-tipped darts {!f}
 q - 24 poisoned darts (quivered)
 r - 22 boomerangs
 w - a throwing net {!f}
 A - 2 darts of dispersal {!f}
 D - 10 atropa-tipped darts
 L - 2 javelins
Armour
 u - the +0 hat of Sif Muna's Displeasure (worn) {rPois Int+3}
   (You acquired it on level 9 of the Dungeon)

   Int+3:     It affects your intelligence (+3).
   rPois:     It protects you from poison
Jewellery
 d - a +6 ring of strength (left tentacle)
   (You found it on level 1 of the Dungeon)
 e - an amulet of regeneration (around mantle)
   (You found it on level 8 of the Dungeon)
 f - a +6 ring of strength (right tentacle)
   (You found it on level 7 of the Dungeon)
 s - a ring of ice
   (You took it off a gnoll bouda on level 3 of the Dungeon)
 B - an amulet of magic regeneration
   (You found it on level 6 of the Dungeon)
 P - a ring of magical power (on tentacle)
   (You took it off an orc priest on level 9 of the Dungeon)
Talismans
 b - a beast talisman
 c - a flux talisman (active)
 n - a maw talisman
   (You found it on level 3 of the Dungeon)
Wands
 t - a wand of flame (8)
   (You found it on level 9 of the Dungeon)
 v - a wand of digging (9)
   (You found it on level 10 of the Dungeon)
 H - a wand of quicksilver (9)
   (You found it on level 8 of the Dungeon)
 M - a wand of polymorph (10)
   (You found it on level 9 of the Dungeon)
 R - a wand of roots (18)
   (You found it on level 5 of the Dungeon)
Scrolls
 p - 3 scrolls of teleportation {@r4}
 y - a scroll of torment {unknown}
 z - 2 scrolls of fog
 C - a scroll of blinking
 G - 2 scrolls of enchant weapon
 O - a scroll of amnesia {unknown}
 Q - a scroll of brand weapon {unknown}
Potions
 a - 4 potions of lignification {!q}
 g - 11 potions of curing {@q1}
 i - 8 potions of enlightenment
 j - a potion of ambrosia {unknown}
 k - a potion of magic
 m - a potion of cancellation
 o - 3 potions of heal wounds {@q2}
 x - 2 potions of mutation {!q}
 I - 2 potions of haste {@q3}
 K - a potion of resistance {unknown}
 N - 2 potions of brilliance


   Skills:
 - Level 8.0 Fighting
 - Level 4.0 Dodging
 - Level 5.0 Stealth
 - Level 11.1 Unarmed Combat
 - Level 8.0 Invocations
 + Level 9.9 Shapeshifting


You had 10 spell levels left.
You didn't know any spells.
Your spell library contained the following spells:

 Spells                   Type           Power      Damage    Failure   Level
 Apportation              Tloc           0%         N/A       26%         1
 Kiss of Death            Conj/Necr      0%         2d5       26%         1
 Jinxbite                 Hex            0%         N/A       36%         2
 Confusing Touch          Hex            0%         N/A       58%         3
 Tukima's Dance           Hex            0%         N/A       58%         3
 Dispel Undead            Necr           0%         3d6       94%         4
 Passage of Golubria      Tloc           0%         N/A       94%         4
 Alistair's Intoxication  Alch           0%         N/A       100%        5
 Yara's Violent Unravell  Hex/Alch       0%         3d3       100%        5


Dungeon Overview and Level Annotations

Branches:
Dungeon (11/15)            Temple (1/1) D:5            Lair (0/5) D:9
  Sewer (visited)          Bailey (visited)
    Orc: D:9-12

Altars:
Ashenzari
Cheibriados
Dithmenos
Elyvilon
Fedhas
Gozag
Hepliaklqana
Kikubaaqudgha
Makhleb
Nemelex Xobeh
Okawaru
Qazlal
Ru
Sif Muna
Trog
Uskayaw
Vehumet
Wu Jian
Xom
Yredelemnul
Zin
The Shining One

Shops:
D:1 ?   D:4 :

Annotations:
D:10 2 exclusions
D:11 Maurice


Innate Abilities, Weirdness & Mutations

You are something dangerously unstable.
You glow with magical radiation, making you easy to see and hit.
Foes you strike become dangerously contaminated with magical radiation.
You are incapable of wielding weapons or throwing items.
You cannot wear most types of armour.
You are amphibious.
You can wear up to eight rings at the same time.
Your skin changes colour to match your surroundings (Stealth+).
Your rubbery body absorbs attacks. (AC +1, EV +1)
((You are camouflaged when in or above water. (Stealth+)))
You have tentacles for arms and can constrict up to eight enemies at once.


Message History

You see here a +0 robe.
a - 4 potions of lignification {!q} (gained 1)
There is a stone staircase leading up here.
You climb upwards.
Level annotation: 2 exclusions
There is a stone staircase leading down here.
There is a stone staircase leading down here.
You climb downwards.
Level annotation: Maurice
There is a stone staircase leading up here.
Found a wand of polymorph (7).
M - a wand of polymorph (10) (gained 7 charges)
Found a stone staircase leading down.
A two-headed ogre comes into view.
It is wielding a +0 giant club and a +0 dire flail.
The two-headed ogre shouts in stereo!
There is a stone staircase leading down here.
Unknown command.
Okay, then.
Okay, then.
You can't do that in your present form.
You tentacle-slap the two-headed ogre.
The two-headed ogre begins to glow.
The two-headed ogre hits you with a +0 giant club!
The two-headed ogre hits you with a +0 dire flail!
You tentacle-slap the two-headed ogre but do no damage.
The two-headed ogre glows dangerously bright.
You squeeze the two-headed ogre, but do no damage.
You bludgeon the two-headed ogre!
The two-headed ogre shudders as magic cascades through it.
The two-headed ogre twists and deforms.
The two-headed ogre hits you with a +0 giant club!!
* * * LOW HITPOINT WARNING * * *
The two-headed ogre barely misses you.
You tentacle-slap the two-headed ogre.
The two-headed ogre begins to glow.
You can now pass through a line of other dancers.
You tentacle-slap the two-headed ogre.
The two-headed ogre glows dangerously bright.
The two-headed ogre hits you with a +0 giant club!!
* * * LOW HITPOINT WARNING * * *
The two-headed ogre hits you with a +0 dire flail.
* * * LOW HITPOINT WARNING * * *
Items here: ))) [.
You see here a +0 short sword.
Things that are here:
a +0 robe; a +0 dagger
Things that are here:
a +0 club; a +0 chain mail; a +0 mace You can no longer pass through a line of other dancers.
The two-headed ogre attacks as it pursues you!
The two-headed ogre hits you with a +0 giant club!!
You die...

#......# #.. ...#####..###.
#..##..# #.# #.........# #.
#..##..###.# #..####...# #.
#..##......# #..# #...# #.
######..##......# #..# #...###.
........##......# #..# #.......
................# #..# #.......
................####..# #.......
.#####..........pO)[.[####..#####
#..........###..)[.....# #
#..........# #..)).....# #
#..........# #.........# #
#..........# #..######.# #
#.<........# #..# #.# #
........>....# #..# #.# #
..............###..# #.. ..
............<......# )# #.


You could see a two-headed ogre (contam, misshapen).

Vanquished Creatures
  Snorg (D:11)
  A boulder beetle (D:11)
  Amaemon (D:8)
  Pikel (D:8)
  An orange demon (D:8)
  An unseen horror (D:10)
  2 kobold demonologists (D:11)
  2 komodo dragons
  2 trolls
  2 shadows
  14 yaks
  3 wyverns
  A basilisk (D:9)
  A steam dragon (D:8)
  3 vampire mosquitoes (D:11)
  An acid dragon (D:10)
  5 water moccasins
  3 sky beasts (D:6)
  7 orc warriors
  An ogre (D:4)
  7 centaurs
  3 lemures (D:8)
  3 phantoms
  4 kobold brigands
  4 bullfrogs
  Blork the orc (D:4)
  A gnoll sergeant (D:5)
  9 scorpions
  4 wights (D:9)
  A killer bee (D:8)
  2 howler monkeys (D:5)
  4 bombardier beetles
  A jelly (D:5)
  8 orc priests
  7 hounds
  A gnoll bouda (D:3)
  An iguana (D:4)
  A sleepcap (D:5)
  7 orc wizards
  9 adders
  14 gnolls
  2 river rats (Sewer)
  4 ribbon worms
  37 orcs
  7 ball pythons
  5 endoplasms
  3 giant cockroaches
  6 goblins
  9 hobgoblins
  4 jackals
  6 quokkas
  5 bats
  7 frilled lizards
  27 kobolds
  9 rats
276 creatures vanquished.

Notes
Turn   | Place    | Note
-------+----------+-------------------------------------------
     0 | D:1      | James the Octopode Shapeshifter began the quest for the
                  | Orb.
     0 | D:1      | Reached XP level 1. HP: 13/13 MP: 1/1
   161 | D:1      | Reached XP level 2. HP: 19/19 MP: 2/2
   330 | D:1      | Found Voxzosaj's Magic Scroll Shoppe.
   379 | D:1      | Reached XP level 3. HP: 25/25 MP: 3/3
  1002 | D:2      | Reached XP level 4. HP: 31/31 MP: 4/4
  1170 | D:2      | Identified the +3 leather armour "Hovej" {rF+}
  1252 | D:2      | Reached skill level 4 in Unarmed Combat
  1328 | D:2      | Found a faded altar of an unknown god.
  1432 | D:2      | Reached skill level 1 in Stealth
  1842 | D:3      | Reached XP level 5. HP: 36/36 MP: 5/5
  1920 | D:3      | Found a glowing drain.
  1939 | Sewer    | Entered a sewer
  2030 | Sewer    | Noticed a kobold brigand
  2038 | Sewer    | Killed a kobold brigand
  2039 | Sewer    | Reached skill level 5 in Unarmed Combat
  2039 | Sewer    | Reached XP level 6. HP: 41/43 MP: 6/6
  2077 | Sewer    | Found a white marble altar of Elyvilon.
  3123 | D:4      | Found a hazy altar of Hepliaklqana.
  3204 | D:4      | Noticed Blork the orc
  3281 | D:4      | Found a shimmering altar of Xom.
  3324 | D:4      | Reached XP level 7. HP: 48/48 MP: 7/7
  3366 | D:4      | Reached skill level 6 in Unarmed Combat
  3549 | D:4      | Reached skill level 5 in Shapeshifting
  3787 | D:4      | Found Temes's Self-Published Books.
  4096 | D:4      | Reached skill level 5 in Fighting
  4271 | D:4      | Reached XP level 8. HP: 55/55 MP: 8/8
  4372 | D:4      | Found a shimmering altar of Xom.
  4465 | D:4      | Found Temes's Self-Published Books.
  4773 | D:4      | Found a hazy altar of Hepliaklqana.
  5033 | D:4      | Killed Blork the orc
  5278 | D:5      | Entered Level 5 of the Dungeon
  5289 | D:4      | Reached skill level 7 in Unarmed Combat
  5884 | D:5      | Noticed a wyvern
  5989 | D:5      | HP: 2/55 [wyvern (5)]
  5992 | D:5      | Killed a wyvern
  5993 | D:5      | Reached skill level 8 in Unarmed Combat
  6342 | D:5      | Reached XP level 9. HP: 48/61 MP: 9/9
  6415 | D:5      | Found a staircase to the Ecumenical Temple.
  6424 | Temple   | Entered the Ecumenical Temple
  6438 | Temple   | Became a worshipper of Uskayaw the Reveller
  6590 | D:5      | Found a basalt altar of Yredelemnul.
  6593 | D:5      | Reached * piety under Uskayaw
  6671 | D:5      | Reached ** piety under Uskayaw
  6680 | D:5      | Reached *** piety under Uskayaw
  6955 | D:6      | Identified a scroll of acquirement
  7030 | D:6      | Reached skill level 1 in Invocations
  7678 | D:6      | Found a sacrificial altar of Ru.
  8176 | D:7      | Reached skill level 5 in Stealth
  9110 | D:8      | Noticed Amaemon
  9112 | D:8      | Noticed an orange demon
  9303 | D:8      | Reached XP level 10. HP: 29/69 MP: 13/13
  9397 | D:8      | Reached skill level 5 in Invocations
  9535 | D:8      | Found a flagged portal.
  9535 | D:8      | Found the +16 obsidian axe {drain, demonic, Mesm ^Drain Fly
                  | SInv}
  9544 | D:8      | Identified the +10 hand axe "Naifaur" {pain, Str+3}
  9548 | Bailey   | Entered a bailey
  9959 | D:8      | Noticed Pikel
  9976 | D:8      | Reached **** piety under Uskayaw
  9981 | D:8      | Reached ***** piety under Uskayaw
  9984 | D:8      | Killed Pikel
 10828 | D:9      | Found a staircase to the Lair.
 10949 | D:8      | HP: 3/72 [yak (14)]
 11045 | D:8      | Reached skill level 9 in Unarmed Combat
 11064 | D:8      | Killed Amaemon
 11065 | D:8      | Reached XP level 11. HP: 29/77 MP: 17/17
 11069 | D:8      | Reached skill level 10 in Unarmed Combat
 11381 | D:9      | Found a radiant altar of Vehumet.
 11536 | D:9      | Found a shimmering blue altar of Sif Muna.
 11682 | D:9      | Acquired a manual of Air Magic
 11727 | D:9      | Acquired the +0 hat of Sif Muna's Displeasure {rPois Int+3}
 11751 | D:10     | Entered Level 10 of the Dungeon
 11781 | D:10     | Found a sparkling altar of Nemelex Xobeh.
 12133 | D:10     | Reached skill level 11 in Unarmed Combat
 12333 | D:10     | Found a blossoming altar of Fedhas.
 12333 | D:10     | Found a glowing golden altar of the Shining One.
 12334 | D:10     | Found an ornate altar of the Wu Jian Council.
 12698 | D:10     | Found Zin's Purification Station.
 12701 | D:10     | Found a glowing silver altar of Zin.
 12704 | D:10     | Bought a potion of curing for 90 gold pieces
 13069 | D:11     | Reached ****** piety under Uskayaw
 13255 | D:11     | Noticed a boulder beetle
 13269 | D:11     | Killed a boulder beetle
 13304 | D:11     | Noticed Maurice
 13394 | D:11     | Noticed Snorg
 13402 | D:11     | Killed Snorg
 13616 | D:11     | Noticed a two-headed ogre
 13643 | D:11     | Mangled by a two-headed ogre

Illustrated notes

Levels and vault maps discovered:
D:1:      tarquinn_simple_flora_water_a, layout_loops_cross, serial_shops, shop
D:2:      layout_loops_corners, shapermc_ecumenical_altar_mp_vishouse
D:3:      layout_loops_ring, cheibrodos_sewer_entry_bend
D:4:      wad_river_or_something, layout_rooms,
          worldfamousw_hep_ancestral_shrine, mainiacjoe_overflow_alcove_2,
          nicolae_custom_books, uniq_blork_the_orc
D:5:      layout_loops_ring, overflow_temple_1_default,
          minmay_temple_entry_drinking_statues, minmay_puff
D:6:      layout_rooms, nicolae_ru_the_path_less_chosen,
          minmay_increasing_density
D:7:      layout_loops_ring
D:8:      layout_basic, enter_bailey_2, uniq_amaemon, uniq_pikel
D:9:      layout_rooms, general_overflow_altar, mainiacjoe_overflow_boulevard,
          minmay_lair_entry_grove, kennysheep_crisscross, lemuel_flamethrower_2
D:10:     layout_long_grid, nemelex_spade_bored_becter,
          grunt_temple_overflow_open, zin_purify, uniq_lodul
D:11:     layout_long_grid, uniq_snorg, uniq_maurice
Temple:   nicolae_temple_bog_church

Skill      XL: |  1  2  3  4  5  6  7  8  9 10 11 |
---------------+----------------------------------+-----
Fighting       | 2 3 4 5 6 8 |  8.0
Unarmed Combat | 4 5 6 8 9 11 | 11.1
Stealth        | 2 5 |  5.0
Shapeshifting  | 4 5 6 7 9 |  9.9
Dodging        | 4 |  4.0
Invocations    | 4 8 |  8.0

Action                     |  1- 3 |  4- 6 |  7- 9 | 10-12 || total
---------------------------+-------+-------+-------+-------++-------
  Melee: Unarmed           |    62 |   118 |   197 |   250 ||   627
         Constrict         |    20 |    35 |    54 |    42 ||   151
         Tentacles         |     5 |    24 |    44 |    73 ||   146
         Punch             |     4 |     8 |    10 |     9 ||    31
  Throw: Stone             |     1 |     2 |       |       ||     3
 Invoke: Line Pass         |       |       |       |     1 ||     1
    Use: Scroll            |       |     5 |    11 |     6 ||    22
         Potion            |       |     1 |     1 |     2 ||     4
   Stab: Sleeping          |     8 |    12 |    19 |     3 ||    42
         Paralysed         |       |       |     2 |    15 ||    17
         Distracted        |       |       |       |     2 ||     2
         Confused          |       |       |       |     1 ||     1
 Armour: Skin              |    15 |    31 |   106 |   150 ||   302
  Dodge: Dodged            |    26 |    60 |    86 |   152 ||   324
   Form: Flux              |       |       |       |     1 ||     1
